 Dungeon Crawl Stone Soup version 0.31-a0-112-gdf0485fa37 (webtiles) character file.

Game seed: 16315080834394283266

431 lessens the Chopper (level 6, -1/51 HPs)
             Began as a Draconian Monk on May 29, 2023.
             Slain by an iguana (10 damage)
             ... on level 4 of the Dungeon.
             The game lasted 00:04:53 (3116 turns).

lessens the Chopper (Draconian Monk)                Turns: 3116, Time: 00:04:54

Health: -1/51      AC: 10    Str: 15    XL:     6   Next: 67%
Magic:  6/6        EV: 12    Int: 11    God:
Gold:   186        SH:  0    Dex: 13    Spells: 5/5 levels left

rFire   . . .        g - +0 battleaxe
rCold   . . .        (shield currently unavailable)
rNeg    . . .        (body armour unavailable)
rPois   .            (helmet restricted)
rElec   .            o - +0 cloak
rCorr   .            h - +0 pair of gloves
SInv    .            k - +1 pair of boots
Will    .....        (no amulet)
Stlth   +            (no ring)
HPRegen 0.28/turn    (no ring)
MPRegen 0.10/turn

%: no passive effects
@: no status effects
A: AC +6, unfitting armour, cold-blooded
a: no special abilities


You were on level 4 of the Dungeon.
You visited 1 branch of the dungeon, and saw 4 of its levels.

You collected 186 gold pieces.

Inventory:

Hand Weapons
 a - a +0 hand axe
 g - a +0 battleaxe (weapon)
Missiles
 i - 38 stones (quivered)
 w - 12 poisoned darts
Armour
 c - an orb of light
 h - a +0 pair of gloves (worn)
 k - a +1 pair of boots (worn)
 m - a +0 buckler
 o - a +0 cloak (worn)
Jewellery
 x - a ring of fire
Wands
 n - a wand of roots (3)
Scrolls
 f - a scroll of teleportation {unknown}
 j - 4 scrolls of identify {unknown}
 l - 2 scrolls of fog {unknown}
 p - 2 scrolls of immolation {unknown}
 s - a scroll of amnesia {unknown}
 t - a scroll of vulnerability {unknown}
 v - a scroll of enchant armour {unknown}
 y - 3 scrolls of enchant weapon {unknown}
Potions
 b - a potion of ambrosia
 d - a potion of heal wounds {unknown}
 e - 2 potions of mutation {unknown}
 q - 2 potions of haste {unknown}
 r - a potion of curing {unknown}
 u - a potion of cancellation {unknown}


   Skills:
 - Level 3.2 Fighting
 + Level 7.6 Axes
 - Level 2.6 Dodging


You had 5 spell levels left.
You didn't know any spells.
Your spell library contained the following spells:

 Spells                   Type           Power      Damage    Failure   Level
 Apportation              Tloc           0%         N/A       34%         1
 Alistair's Intoxication  Tmut/Pois      0%         N/A       100%        5
 Fireball                 Conj/Fire      0%         3d3       100%        5
 Iskenderun's Battlesphe  Conj           0%         2d6       100%        5
 Conjure Ball Lightning   Conj/Air       0%         3x3d6     100%        6
 Orb of Destruction       Conj           0%         9d5       100%        7


Dungeon Overview and Level Annotations

Branches:
Dungeon (4/15) Zot: 20844
 Temple: D:4-7

Altars:
Vehumet


Innate Abilities, Weirdness & Mutations

Your plain brown scales are hard. (AC +6)
You cannot fit into any form of body armour.
You are cold-blooded and may be slowed by cold attacks.


Message History

You kill the kobold!
The adder bites you but does no damage. The iguana closely misses you.
The adder bites you but does no damage. The iguana bites you!
The kobold hits you with a +0 whip.
You barely miss the iguana.
The iguana is heavily wounded.
You miss the adder. You hit the kobold but do no damage.
The adder bites you but does no damage. The kobold barely misses you.
The iguana closely misses you. The adder bites you but does no damage.
You hit the iguana but do no damage.
The iguana is heavily wounded.
You closely miss the adder. You barely miss the kobold.
The kobold barely misses you. The iguana bites you!
The adder bites you but does no damage.
You slash the adder!
You kill the adder!
You hit the iguana. You closely miss the kobold.
The kobold hits you but does no damage. The iguana bites you.
* * * LOW HITPOINT WARNING * * *
The kobold hits you but does no damage.
The iguana bites you but does no damage.
You hit the iguana.
Your tail-slap misses the iguana.
The iguana is severely wounded.
You closely miss the kobold. The kobold barely misses you.
The iguana barely misses you.
You hit the iguana.
The iguana is almost dead.
You hit the kobold.
You kill the kobold!
The iguana bites you.
* * * LOW HITPOINT WARNING * * *
You barely miss the iguana.
You tail-slap the iguana, but do no damage.
The iguana is almost dead.
The iguana barely misses you.
The iguana bites you but does no damage.
You barely miss the iguana.
The iguana is almost dead.
The iguana bites you!
You die...

#. #.###.....#.#..##...
###.###.###.....#.....#..#
#............##....#......
..........................
.................###......
..............##.# ##.#.##
.............###.# #...##
..........)..###.# ###..##
........†@....... .......
........)l).#...# #######
..........#..###
.......##..## ....... .##
.....#. ## ....... ......#


You could see an iguana.

Vanquished Creatures
  An ogre (D:4)
  Blork the orc (D:4)
  A scorpion (D:4)
  A gnoll bouda (D:3)
  An iguana (D:4)
  4 gnolls
  4 adders
  2 ufetubi (D:3)
  A worm (D:2)
  2 dart slugs
  2 orcs
  5 bats
  7 endoplasms
  2 giant cockroaches
  6 goblins
  4 hobgoblins (D:1)
  8 kobolds
  4 quokkas
  7 ball pythons
  3 frilled lizards
  4 rats
70 creatures vanquished.

Notes
Turn   | Place    | Note
-------+----------+-------------------------------------------
     0 | D:1      | lessens the Draconian Monk began the quest for the Orb.
     0 | D:1      | Reached XP level 1. HP: 19/19 MP: 1/1
   196 | D:1      | Reached XP level 2. HP: 26/26 MP: 2/2
   457 | D:1      | Reached skill level 4 in Axes
   627 | D:1      | Reached XP level 3. HP: 23/31 MP: 3/3
  1305 | D:3      | Found a radiant altar of Vehumet.
  1493 | D:3      | Reached XP level 4. HP: 37/38 MP: 4/4
  1585 | D:3      | Reached skill level 5 in Axes
  2210 | D:4      | Noticed an ogre
  2224 | D:4      | Killed an ogre
  2224 | D:4      | Noticed a scorpion
  2225 | D:4      | Reached skill level 6 in Axes
  2225 | D:4      | Reached XP level 5. HP: 25/45 MP: 5/5
  2382 | D:4      | Noticed Blork the orc
  2397 | D:4      | Killed Blork the orc
  2398 | D:4      | Reached skill level 7 in Axes
  2398 | D:4      | Reached XP level 6. HP: 10/51 MP: 6/6
  3116 | D:4      | Slain by an iguana

Illustrated notes

Levels and vault maps discovered:
D:1:      dpeg_arrival_tiny_f, layout_loops_cross, palyth_stone_intersect
D:2:      layout_rooms, kennysheep_generic_room_4
D:3:      layout_loops_ring, mainiacjoe_overflow_alcove_4, serial_bayou,
          serial_bayou_pond_e, serial_bayou_pond_a, serial_bayou_pond_a,
          serial_bayou_pond_e
D:4:      layout_rooms, uniq_blork_the_orc, uniq_crazy_yiuf_cottage

Skill      XL: |  1  2  3  4  5 |
---------------+----------------+-----
Axes           | 4 6 7 |  7.6
Fighting       | |  3.2
Dodging        | |  2.6

Action                     |  1- 3 |  4- 6 || total
---------------------------+-------+-------++-------
  Melee: Hand axe          |   116 |    69 ||   185
         Tailslap          |    14 |    17 ||    31
         Battleaxe         |       |    37 ||    37
  Throw: Dart              |       |     6 ||     6
  Evoke: Wand              |       |     5 ||     5
 Armour: Skin              |    34 |    58 ||    92
  Dodge: Dodged            |    61 |   103 ||   164
  Block: Buckler           |     7 |    20 ||    27

Table legend: (Time is in decaauts)
 A = Elapsed time spent in this place.
 B = Non-inter-level travel time spent in this place.
 C = Inter-level travel time spent in this place.
 D = Time resting spent in this place.
 E = Time spent auto-exploring this place.
 F = Levels seen in this place.
 G = Mean time per level.
                   A        B        C        D        E       F      G
               +--------+--------+--------+--------+--------+-----+--------+
         Total |   3154 |   3057 |     97 |    246 |   2165 |   4 |  788.5 |
       Dungeon |   3154 |   3057 |     97 |    246 |   2165 |   4 |  788.5 |
               +--------+--------+--------+--------+--------+-----+--------+

Top non-repeatable levels by time:
     D:3: 1197 daAuts
     D:1: 841 daAuts
     D:4: 666 daAuts
     D:2: 448 daAuts

Levels and vault maps discovered:
D:1:      dpeg_arrival_tiny_f, layout_loops_cross, palyth_stone_intersect
D:2:      layout_rooms, kennysheep_generic_room_4
D:3:      layout_loops_ring, mainiacjoe_overflow_alcove_4, serial_bayou,
          serial_bayou_pond_e, serial_bayou_pond_a, serial_bayou_pond_a,
          serial_bayou_pond_e
D:4:      layout_rooms, uniq_blork_the_orc, uniq_crazy_yiuf_cottage
